 Dungeon Crawl Stone Soup version 0.25-a0-583-g696c2ac64d (webtiles) character file.

Game seed: 10152152089786868925, levelgen mode: deterministic

31165 An17 the Brawler (level 13, -7/102 HPs)
             Began as a White Draconian Transmuter on Mar 8, 2020.
             Was the Champion of Cheibriados.
             Mangled by a 12-headed hydra (9 damage)
             ... on level 5 of the Lair of Beasts.
             The game lasted 00:40:03 (11439 turns).

An17 the Brawler (White Draconian Transmuter)      Turns: 11439, Time: 00:40:03

Health: -7/102     AC: 13    Str: 30    XL:     13   Next: 24%
Magic:  0/25       EV: 25    Int: 31    God:    Cheibriados [******]
Gold:   655        SH:  0    Dex: 32    Spells: 13/28 levels left

rFire    + . .     SeeInvis .     - Unarmed
rCold    + + .     Gourm    .   (shield currently unavailable)
rNeg     . . .     Faith    .   (armour unavailable)
rPois    .         Spirit   +   v - +2 hat
rElec    .         Reflect  .   G - scarf {rC+ rF+}
rCorr    .         Harm     .   (gloves currently unavailable)
MR       .....                  d - +2 pair of boots
Stlth    +++.......             n - amulet of guardian spirit
HPRegen  0.27/turn              K - +2 ring of evasion
MPRegen  0.19/turn              A - +5 ring of dexterity

@: blade hands, very slow
A: breathe frost, unfitting armour, cold resistance 1, cold-blooded, AC +8
a: Breathe Frost, End Transformation, Bend Time, Temporal Distortion, Slouch,
Step From Time, Renounce Religion


You were on level 5 of the Lair of Beasts.
You worshipped Cheibriados.
Cheibriados was exalted by your worship.
You were not hungry.
You had blades for hands.
You visited 3 branches of the dungeon, and saw 15 of its levels.

You collected 655 gold pieces.

Inventory:

Hand Weapons
 x - a +1 mace of venom
 N - the +7 trident of the Priest {protect, Int+2 Stlth+}
   (You found it on level 4 of the Lair of Beasts)

   It grants its wielder temporary protection when it strikes (+7 to AC).
   It affects your intelligence (+2).
   It makes you more stealthy.
Missiles
 a - 255 arrows
 o - 2 throwing nets (quivered)
Armour
 b - a +2 pair of gloves (melded)
 d - a +2 pair of boots (worn)
 v - a +2 hat (worn)
 G - a scarf of resistance (worn)
Jewellery
 n - an amulet of guardian spirit (around neck)
 r - an uncursed ring of protection from fire
 A - a +5 ring of dexterity (right scythe-like blade)
 K - a +2 ring of evasion (left scythe-like blade)
 P - a +4 ring of strength
Wands
 C - a wand of flame (83)
 F - a wand of polymorph (18)
 H - a wand of enslavement (6)
 I - a wand of paralysis (18)
 J - a wand of scattershot (5)
Scrolls
 g - 2 scrolls of enchant armour
 k - a scroll of fear
 p - a scroll of fog
 t - 6 scrolls of teleportation
 w - 6 scrolls of remove curse
 y - a scroll of blinking
 z - a scroll of holy word
 B - 2 scrolls of enchant weapon
 D - 2 scrolls of magic mapping
 E - 6 scrolls of amnesia
 L - a scroll of identify
 O - a scroll of torment
Potions
 e - 8 potions of curing
 f - 4 potions of stabbing
 h - 2 potions of magic
 i - a potion of ambrosia
 j - a potion of invisibility
 m - a potion of cancellation
 q - 2 potions of berserk rage
 s - a potion of brilliance
 u - a potion of mutation
 M - a potion of might
Comestibles
 c - 21 rations


   Skills:
 + Level 6.0 Fighting
 + Level 1.3 Polearms
 + Level 9.3 Dodging
 - Level 1.0 Stealth
 + Level 15.1 Unarmed Combat
 + Level 8.4 Spellcasting
 + Level 7.9 Transmutations
 + Level 3.7 Ice Magic
 + Level 2.3 Poison Magic


You had 13 spell levels left.
You knew the following spells:

 Your Spells              Type           Power        Failure   Level  Hunger
a - Beastly Appendage     Tmut           ######       8%          1    None
b - Sticks to Snakes      Tmut           ######..     9%          2    None
c - Spider Form           Tmut/Pois      #####.....   17%         3    None
d - Ice Form              Ice/Tmut       #####...     28%         4    None
e - Blade Hands           Tmut           ######....   30%         5    ####...

Your spell library contained the following spells:

 Spells                   Type           Power        Failure   Level  Hunger
 Magic Dart               Conj           ##..         28%         1    None
 Summon Butterflies       Summ           ##......     28%         1    None
 Blink                    Tloc           N/A          36%         2    None
 Call Imp                 Summ           ##......     36%         2    None
 Slow                     Hex            ##......     36%         2    None
 Mephitic Cloud           Conj/Pois/Air  ###.....     43%         3    None
 Call Canine Familiar     Summ           ##......     50%         3    None
 Conjure Flame            Conj/Fire      ##......     50%         3    None
 Summon Ice Beast         Ice/Summ       ###.....     61%         4    None
 Bolt of Magma            Conj/Fire/Erth ##........   96%         5    ####...
 Iskenderun's Battlesphe  Conj/Chrm      ##......     96%         5    ####...
 Summon Mana Viper        Hex/Summ       ##......     96%         5    ####...
 Iron Shot                Conj/Erth      ##........   100%        6    #####..
 Orb of Destruction       Conj           ##........   100%        7    #######
 Spellforged Servitor     Conj/Summ      ##........   100%        7    #######
 Summon Hydra             Summ           ##........   100%        7    #######


Dungeon Overview and Level Annotations

Branches:
Dungeon (8/15)             Temple (1/1) D:4            Lair (6/6) D:8
 Shoals (0/4) Lair:3       Spider (0/4) Lair:2        Slime (0/5) Lair:5

Altars:
Cheibriados
Dithmenos
Elyvilon
Fedhas
Gozag
Hepliaklqana
Kikubaaqudgha
Makhleb
Nemelex Xobeh
Okawaru
Ru
Sif Muna
Trog
Uskayaw
Vehumet
Zin
The Shining One

Annotations:
D:3 1 runed translucent door, anet's ghost, amateur DEWz
Lair:5 exclusion: 2 oklob plants


Innate Abilities, Weirdness & Mutations

You can breathe waves of freezing cold.
You can buffet flying creatures when you breathe cold.
Your icy white scales are hard. (AC +8)
You cannot fit into any form of body armour.
Your flesh is cold resistant. (rC+)
You are cold-blooded and may be slowed by cold attacks.


Message History

* * * LOW HITPOINT WARNING * * *
The 11-headed hydra bites you!
* * * LOW HITPOINT WARNING * * *
The 11-headed hydra misses you.
The 11-headed hydra bites you but does no damage.
The 11-headed hydra completely misses you. x5
The 11-headed hydra closely misses you.
The 11-headed hydra bites you but does no damage.
The blink frog blinks!
You lop one of the 11-headed hydra's heads off!
The ten-headed hydra grows two more!
You slice the 12-headed hydra!!
The 12-headed hydra is almost dead.
The 12-headed hydra bites you.
* * * LOW HITPOINT WARNING * * *
The 12-headed hydra completely misses you.
The 12-headed hydra closely misses you. x2; The 12-headed hydra misses you.
The 12-headed hydra bites you.
* * * LOW HITPOINT WARNING * * *
The 12-headed hydra bites you!
You die...

#.......P# #........#
#.......## #........##
###.........#
#.#.......###
##.....(..##
#.#........##
#.#....@....# #####
###....D...P#
##.#.######.........##
.##..##.##.P.........#
...................###
...................P#
............§......P#
....................###
...†..................#


You could see a 12-headed hydra.

Vanquished Creatures
  Harold (D:7)
  9 hydras
  An ice dragon (Lair:5)
  A catoblepas (Lair:4)
  Sonja (Lair:1)
  Pikel (D:5)
  An oklob plant (Lair:5)
  9 elephants
  A torpor snail (Lair:2)
  A black mamba (Lair:5)
  Maggie (D:8)
  4 spiny frogs
  2 komodo dragons
  A rime drake (Lair:4)
  3 polar bears
  2 slime creatures (D:6)
  10 blink frogs
  2 hippogriffs
  A tarantella (Lair:2)
  3 wyverns
  31 yaks
  7 water moccasins
  6 porcupines
  An ice beast (D:6)
  3 orc warriors
  2 sky beasts
  4 phantoms
  A necrophage (D:6)
  2 black bears
  5 ogres
  8 wolves
  6 crocodiles
  2 centaurs
  2 big kobolds
  20 bullfrogs
  3 scorpions
  4 killer bees (D:7)
  6 wights
  5 crimson imps
  A bullfrog zombie (D:5)
  10 jellies
  2 orc priests
  A gnoll shaman (D:7)
  4 orc wizards
  8 worker ants
  A killer bee zombie (D:7)
  3 hound skeletons
  6 gnolls
  13 adders
  2 shadow imps
  6 oozes (D:6)
  An adder zombie (D:8)
  3 adder skeletons
  2 worms (D:4)
  3 dart slugs
  3 leopard geckos
  21 orcs
  5 giant cockroaches
  9 goblins
  4 hobgoblins
  12 jackals
  12 kobolds
  3 quokkas
  6 bats
  4 frilled lizards
  A jackal skeleton (D:7)
  2 quokka skeletons
  A rat (D:2)
  A fungus (Lair:4)
323 creatures vanquished.

Vanquished Creatures (collateral kills)
  A fungus (Lair:3)
1 creature vanquished.

Vanquished Creatures (others)
  Menkaure (D:5)
  2 gnolls (D:5)
  22 fungi
  5 plants
  2 toadstools (D:6)
32 creatures vanquished.

Grand Total: 356 creatures vanquished

Notes
Turn   | Place    | Note
-------+----------+-------------------------------------------
     0 | D:1      | An17 the Draconian Transmuter began the quest for the Orb.
     0 | D:1      | Reached XP level 1. HP: 16/16 MP: 3/3
   266 | D:1      | Reached XP level 2. HP: 20/23 MP: 5/5
   270 | D:1      | Learned a level 2 spell: Sticks to Snakes
   712 | D:2      | Found a white marble altar of Elyvilon.
   782 | D:2      | Reached XP level 3. HP: 26/28 MP: 6/6
   789 | D:2      | Learned a level 3 spell: Spider Form
  1497 | D:3      | Found a runed translucent door.
  1497 | D:3      | Noticed anet's ghost (amateur DEWz)
  1606 | D:3      | Found a hide-covered altar of Uskayaw.
  1864 | D:3      | Reached skill level 4 in Unarmed Combat
  1864 | D:3      | Reached XP level 4. HP: 35/35 MP: 7/7
  2010 | D:4      | Noticed an ogre
  2020 | D:4      | Killed an ogre
  2020 | D:4      | Reached XP level 5. HP: 40/40 MP: 6/8
  2070 | D:4      | Found a staircase to the Ecumenical Temple.
  2123 | D:4      | Reached skill level 5 in Unarmed Combat
  2134 | D:4      | Reached XP level 6. HP: 20/47 MP: 5/9
  2140 | D:4      | Learned a level 4 spell: Ice Form
  2152 | Temple   | Entered the Ecumenical Temple
  2258 | Temple   | Became a worshipper of Cheibriados the Contemplative
  2459 | D:4      | Reached skill level 1 in Stealth
  2678 | D:4      | Reached skill level 6 in Unarmed Combat
  2688 | D:4      | Your scales start taking on an icy white colour.
  2688 | D:4      | Reached XP level 7. HP: 35/52 MP: 8/11
  2688 | D:4      | Gained mutation: Your flesh is cold resistant. (rC+) [White
                  | Draconian growth]
  2694 | D:4      | Found an opulent altar of Gozag.
  2789 | D:4      | Reached * piety under Cheibriados
  3015 | D:5      | Entered Level 5 of the Dungeon
  3015 | D:5      | Noticed Menkaure
  3015 | D:5      | Noticed Pikel
  3080 | D:5      | Found a sacrificial altar of Ru.
  3120 | D:5      | Killed Pikel
  3120 | D:5      | Reached skill level 7 in Unarmed Combat
  3120 | D:5      | Reached XP level 8. HP: 39/62 MP: 4/13
  3171 | D:5      | Killed Menkaure
  3197 | D:5      | Found an ancient bone altar of Kikubaaqudgha.
  3197 | D:5      | Found a hazy altar of Hepliaklqana.
  3197 | D:5      | Found a burning altar of Makhleb.
  3209 | D:5      | Found a radiant altar of Vehumet.
  3209 | D:5      | Found a sacrificial altar of Ru.
  3626 | D:5      | Reached skill level 1 in Ice Magic
  3670 | D:5      | Reached skill level 8 in Unarmed Combat
  3922 | D:6      | Reached ** piety under Cheibriados
  4064 | D:6      | Learned a level 5 spell: Blade Hands
  4129 | D:6      | Reached XP level 9. HP: 68/68 MP: 9/15
  4256 | D:6      | Reached skill level 5 in Transmutations
  4281 | D:6      | Reached skill level 5 in Dodging
  4281 | D:6      | Reached skill level 9 in Unarmed Combat
  4490 | D:6      | Reached *** piety under Cheibriados
  4490 | D:6      | Reached skill level 1 in Poison Magic
  4994 | D:7      | Reached skill level 10 in Unarmed Combat
  5196 | D:7      | Reached **** piety under Cheibriados
  5263 | D:7      | Reached skill level 5 in Spellcasting
  5481 | D:7      | Noticed Harold
  5494 | D:7      | Killed Harold
  5494 | D:7      | Reached XP level 10. HP: 67/78 MP: 9/17
  5693 | D:7      | Found an iron altar of Okawaru.
  5915 | D:8      | Noticed Maggie
  5928 | D:8      | Killed Maggie
  5951 | D:8      | Found a shadowy altar of Dithmenos.
  5956 | D:8      | Reached skill level 11 in Unarmed Combat
  5993 | D:8      | Reached ***** piety under Cheibriados
  6493 | D:8      | Found a staircase to the Lair.
  6498 | Lair:1   | Entered Level 1 of the Lair of Beasts
  6637 | Lair:1   | Noticed Sonja
  6647 | Lair:1   | Killed Sonja
  7170 | Lair:1   | Noticed an eight-headed hydra
  7175 | Lair:1   | Reached XP level 11. HP: 75/84 MP: 13/21
  7182 | Lair:1   | Killed an 11-headed hydra
  7868 | Lair:2   | Noticed a six-headed hydra
  7877 | Lair:2   | Killed a six-headed hydra
  8101 | Lair:2   | Reached skill level 12 in Unarmed Combat
  8188 | Lair:2   | Found a hole to the Spider Nest.
  8519 | Lair:3   | Noticed an eight-headed hydra
  8527 | Lair:3   | Killed an eight-headed hydra
  8545 | Lair:3   | Noticed a four-headed hydra
  8887 | Lair:3   | Killed a four-headed hydra
  8906 | Lair:3   | Found a staircase to the Shoals.
  9026 | Lair:3   | Noticed a four-headed hydra
  9035 | Lair:3   | Killed a four-headed hydra
  9052 | Lair:3   | Noticed a seven-headed hydra
  9060 | Lair:3   | Killed a seven-headed hydra
  9060 | Lair:3   | Reached skill level 5 in Fighting
  9060 | Lair:3   | Reached XP level 12. HP: 20/94 MP: 5/23
  9570 | Lair:4   | Reached skill level 13 in Unarmed Combat
  9796 | Lair:4   | Reached ****** piety under Cheibriados
  9927 | Lair:4   | Got a bloodstained trident
  9934 | Lair:4   | Identified the +7 trident of the Priest {protect, Int+2
                  | Stlth+} (You found it on level 4 of the Lair of Beasts)
  9957 | Lair:4   | Reached skill level 14 in Unarmed Combat
 10014 | Lair:4   | Noticed a catoblepas
 10020 | Lair:4   | Noticed an eight-headed hydra
 10025 | Lair:4   | Killed an eight-headed hydra
 10059 | Lair:4   | Killed a catoblepas
 10369 | Lair:5   | Noticed a six-headed hydra
 10378 | Lair:5   | Killed a six-headed hydra
 10508 | Lair:5   | HP: 3/95 [acid (5)]
 10789 | Lair:5   | Reached skill level 1 in Polearms
 10917 | Lair:5   | Noticed a six-headed hydra
 10924 | Lair:5   | Reached XP level 13. HP: 83/102 MP: 23/25
 10996 | Lair:5   | Found a staircase to the Slime Pits.
 11225 | Lair:5   | Reached skill level 15 in Unarmed Combat
 11366 | Lair:6   | Entered Level 6 of the Lair of Beasts
 11439 | Lair:5   | HP: 5/102 [12-headed hydra (4)]
 11439 | Lair:5   | HP: 2/102 [12-headed hydra (3)]
 11439 | Lair:5   | Mangled by a 12-headed hydra

Levels and vault maps discovered:
D:1:      minmay_arrival_plants_in_alcoves, layout_basic, skrybe_limestone_x
D:2:      layout_loops_cross, elyvilon_altar_4
D:3:      layout_loops_ring, eat_drink_and_be_merry_uskayaw,
          hellmonk_ghost_happy_afterlife
D:4:      layout_basic, grunt_gozag_statues, minmay_temple_entry_grid
D:5:      black_bear_nest_1, layout_gridville, minmay_overflow_temple_star_hex,
          first_ration, nicolae_ru_awakened_eye, uniq_menkaure, uniq_pikel
D:6:      cheibrodos_fertilizer, layout_basic
D:7:      layout_gridville, lemuel_coloured_pillars_altar, uniq_harold
D:8:      layout_loops_ring, nicolae_dithmenos_through_a_glass_darkly,
          lair_entry_dummy, hangedman_abyss_or_decor_lesser_grid, uniq_maggie
Temple:   minmay_temple_curvy_loop
Lair:1:   layout_cave_pods, grunt_megastairs_3, lemuel_fruit_tree, uniq_sonja
Lair:2:   layout_regular_city, spider_nest_entry_rubble
Lair:3:   layout_chaotic_city, shoals_dummy_entry,
          eino_small_chamber_without_monster
Lair:4:   layout_concentric_octagons, grunt_forest_small_clearings,
          grunt_megastairs_5
Lair:5:   layout_big_grid, nicolae_slime_entry_slimehenge,
          portal_ice_cave_entry_animals_and_master, minivault_23,
          chequers_serial_rivers_small_a, chequers_serial_rivers_room_b,
          dpeg_oklob_1
Lair:6:   cheibrodos_lair_end_hotspot, layout_hall_layers,
          minmay_lair_drake_nest

Skill      XL: |  1  2  3  4  5  6  7  8  9 10 11 12 13 |
---------------+----------------------------------------+-----
Dodging        | 2 3 4 5 6 8 9 |  9.3
Unarmed Combat | 4 5 6 7 8 10 11 12 14 15 | 15.1
Transmutations | 3 4 5 6 7 |  7.9
Stealth        | 1 |  1.0
Spellcasting   | 3 4 5 7 8 |  8.4
Fighting       | 2 3 4 5 6 |  6.0
Ice Magic      | 1 2 3 |  3.7
Poison Magic   | 1 2 |  2.3
Polearms       | 1 |  1.3

Action                   |  1- 3 |  4- 6 |  7- 9 | 10-12 | 13-15 || total
-------------------------+-------+-------+-------+-------+-------++-------
Melee: Unarmed           |   126 |   152 |   333 |   420 |    69 ||  1100
       Kick              |     2 |       |       |       |       ||     2
       Headbutt          |     8 |    18 |    26 |    15 |     5 ||    72
       Tailslap          |    10 |    12 |    40 |    61 |    14 ||   137
       Punch             |     2 |     1 |    13 |    26 |     5 ||    47
       Trident           |       |       |       |     6 |       ||     6
 Cast: Beastly Appendage |    12 |    12 |    17 |    11 |     2 ||    54
       Ice Form          |       |       |     7 |     7 |       ||    14
       Blade Hands       |       |       |     2 |    10 |     4 ||    16
       Spider Form       |       |       |     4 |    11 |       ||    15
 Abil: Breathe Frost     |       |       |       |     1 |       ||     1
  Use: Scroll            |    13 |     2 |    11 |    12 |     3 ||    41
       Potion            |       |       |     1 |     1 |     1 ||     3
 Stab: Sleeping          |     2 |     1 |     5 |     4 |       ||    12
       Distracted        |       |       |     1 |     1 |       ||     2
  Eat: Ration            |     1 |     1 |     2 |     4 |       ||     8
       Chunk             |     1 |       |       |     1 |       ||     2
Armor: Skin              |    47 |    43 |    67 |    66 |    20 ||   243
Dodge: Dodged            |    75 |    82 |   250 |   565 |   177 ||  1149

Table legend:
 A = Non-vault XP
 B = Vault XP
 C = Vault XP percentage of total XP
 D = Non-vault monster count
 E = Vault monster count
 F = Vault count percentage of total count
                 A         B        C        D         E       F
            +---------+---------+-------+---------+---------+-------
      Total |   35265 |    9257 |  20.8 |     275 |      47 |  14.6
            +---------+---------+-------+---------+---------+-------
        D:1 |      21 |       0 |   0.0 |      10 |       0 |   0.0
        D:2 |      52 |       0 |   0.0 |      18 |       0 |   0.0
        D:3 |      41 |       0 |   0.0 |      18 |       0 |   0.0
        D:4 |     921 |       0 |   0.0 |      28 |       0 |   0.0
        D:5 |     552 |     755 |  57.8 |      16 |       2 |  11.1
        D:6 |    1222 |     800 |  39.6 |      21 |      18 |  46.2
        D:7 |    1534 |    1044 |  40.5 |      42 |       1 |   2.3
        D:8 |     817 |     415 |  33.7 |      17 |       1 |   5.6
     Lair:1 |    2180 |    1850 |  45.9 |      10 |       3 |  23.1
     Lair:2 |    4779 |     219 |   4.4 |      21 |       1 |   4.5
     Lair:3 |    6375 |       0 |   0.0 |      21 |       0 |   0.0
     Lair:4 |    8635 |     991 |  10.3 |      24 |       5 |  17.2
     Lair:5 |    7218 |    3183 |  30.6 |      27 |      16 |  37.2
     Lair:6 |     918 |       0 |   0.0 |       2 |       0 |   0.0
            +---------+---------+-------+---------+---------+-------
